 Dungeon Sprint DCSS version 0.29-a0-878-g7b45a56547 (webtiles) character file.

Game seed: 10668311035948420465

12696 rocky1 the Devastator (level 11, -2/73 HPs)
             Began as a Deep Elf Conjurer on July 20, 2022.
             Was the Champion of Vehumet.
             Slain by a great orb of eyes (3 damage)
             ... in the Dungeon (Sprint VII: "The Pits").
             The game lasted 00:29:34 (3783 turns).

rocky1 the Devastator (Deep Elf Conjurer)           Turns: 3783, Time: 00:29:34

Health: -2/73      AC:  7    Str:  7    XL:     11   Next: 65%
Magic:  3/34       EV: 17    Int: 32    God:    Vehumet [******]
Gold:   14         SH:  0    Dex: 13    Spells: 17/45 levels left

rFire   + . .      SeeInvis .   p - +2 morningstar of Dissolution {speed, rElec rF+ Int+4}
rCold   . . .      Faith    .   (no shield)
rNeg    . . .      Spirit   .   a - +0 robe
rPois   .          Reflect  .   (no helmet)
rElec   +          Harm     .   r - +0 cloak
rCorr   .          Rampage  .   (no gloves)
Will    +....      NoTele   +   s - +0 pair of boots
Stlth   ++++......              (no amulet)
HPRegen 0.22/turn               m - +3 ring of protection
MPRegen 0.24/turn               n - +3 ring of strength

@: hasted, very quick
A: no striking features
a: Renounce Religion


You were in the Dungeon.
You worshipped Vehumet.
Vehumet was exalted by your worship.
You visited 1 branch You collected 14 gold pieces.

Inventory:

Hand Weapons
 k - a +2 quarterstaff
 l - a +1 quarterstaff of protection
 p - the +2 morningstar of Dissolution (weapon) {speed, rElec rF+ Int+4}
   (You found it in the Dungeon)

   Attacks with this weapon are significantly faster.
   Int:       It affects your intelligence (+4).
   rF:        It protects you from fire.
   rElec:     It insulates you from electricity.
 q - the +2 rapier "Kosagaen" {venom, Contam rElec rN+ Int+6}
   (You found it in the Dungeon)

   It poisons the flesh of those it strikes.
   Int:       It affects your intelligence (+6).
   rElec:     It insulates you from electricity.
   rN:        It protects you from negative energy.
   Contam:    It causes magical contamination when unequipped.
Armour
 a - a +0 robe (worn)
 r - a +0 cloak (worn)
 s - a +0 pair of boots (worn)
Jewellery
 m - a +3 ring of protection (left hand)
 n - a +3 ring of strength (right hand)
Wands
 t - a wand of roots (2)
Scrolls
 g - a scroll of blinking
 i - 5 scrolls of amnesia
 j - a scroll of summoning
Potions
 b - a potion of magic
 c - 8 potions of curing
 d - 6 potions of heal wounds
 e - a potion of haste
 f - 2 potions of berserk rage
 h - 2 potions of invisibility
 o - a potion of brilliance


   Skills:
 - Level 10.4 Fighting
 - Level 11.9 Dodging
 - Level 10.1 Stealth
 + Level 17.5 Spellcasting
 + Level 19.2 Conjurations
 + Level 8.8 Fire Magic
 + Level 7.1 Earth Magic


You had 17 spell levels left.
You knew the following spells:

 Your Spells              Type           Power      Damage    Failure   Level
a - Magic Dart            Conj           100%       1d8       0%          1
b - Searing Ray           Conj           100%       2d8       0%          2
c - Iskenderun's Mystic   Conj/Tloc      74%        2d15      1%          4
d - Fulminant Prism       Conj/Hex       37%        3d18      1%          4
e - Orb of Destruction    Conj           50%        9d13      1%          7
f - Fireball              Conj/Fire      43%        3d17      1%          5
g - Lee's Rapid Deconstr  Erth           32%        3d18*     1%          5

Your spell library contained the following spells:

 Spells                   Type           Power      Damage    Failure   Level
 Lightning Bolt           Conj/Air       37%        1d55      1%          5
 Dazzling Flash           Conj/Hex       100%       N/A       1%          3


Dungeon Overview and Level Annotations

Branches:
Dungeon (1/1)

Altars:
Ashenzari
Cheibriados
Dithmenos
Elyvilon
Fedhas
Gozag
Hepliaklqana
Kikubaaqudgha
Makhleb
Nemelex Xobeh
Okawaru
Qazlal
Ru
Sif Muna
Trog
Uskayaw
Vehumet
Wu Jian
Xom
Yredelemnul
Zin
The Shining One
Jiyva
Lugonu


Message History

Unknown command.
Casting: Orb of Destruction (dangerous; 1% risk of failure)
Confirm with . or Enter, or press ? or * to list all spells.
Aiming: Magic Dart (safe; 0% risk of failure)
Press: ? - help, Shift-Dir - straight line, f/p - great orb of eyes
Aim: a great orb of eyes (magical condensation, severely wounded, 100% to hit)
The magic dart hits the great orb of eyes.
The great orb of eyes is severely wounded.
Something barely misses you.
Casting: Magic Dart (safe; 0% risk of failure)
Confirm with . or Enter, or press ? or * to list all spells.
Aiming: Magic Dart (safe; 0% risk of failure)
Press: ? - help, Shift-Dir - straight line, f/p - great orb of eyes
Aim: a great orb of eyes (magical condensation, severely wounded, 100% to hit)
Okay, then.
Casting: Magic Dart (safe; 0% risk of failure)
Confirm with . or Enter, or press ? or * to list all spells.
Okay, then.
Casting: Magic Dart (safe; 0% risk of failure)
Confirm with . or Enter, or press ? or * to list all spells.
Aiming: Magic Dart (safe; 0% risk of failure)
Press: ? - help, Shift-Dir - straight line, f/p - great orb of eyes
Aim: a great orb of eyes (magical condensation, severely wounded, 100% to hit)
The magic dart hits the great orb of eyes but does no damage.
The great orb of eyes is severely wounded.
Something hits you! The great orb of eyes gazes at you.
You suddenly lose the ability to move!
Something hits you! x2
Something hits you. The great orb of eyes bites you!
* * * LOW HITPOINT WARNING * * *
The great orb of eyes bites you!
* * * LOW HITPOINT WARNING * * *
The sea snake bites you.
* * * LOW HITPOINT WARNING * * *
The great orb of eyes barely misses you.
You can move again.
You feel yourself speed up. The sea snake misses you.
The great orb of eyes bites you.
You die...

.##...##..##...###
..##'##..###...'.## .
..........##...#..## ..
.###'###...##'##...###...
##.....##..#.†.#...#.....
).......'..')..'...'.)...
##.....##..#...#...#.....
.###+###...##'##SG.# ...
..........##...#@.## .
..##'##..###...'.##
.##.††##..##...###
###...###..'...# #####
########


You could see a great orb of eyes and a sea snake.

Vanquished Creatures
  A yellow draconian (D)
  A merfolk javelineer (D)
  A hydra (D)
  Erolcha (D)
  A death yak (D)
  A deep troll (D)
  A bog body (D)
  A wizard (D)
  A cyclops (D)
  Maurice (D)
  A smoke demon (D)
  A gargoyle (D)
  2 eyes of devastation (D)
  A kobold demonologist (D)
  An ice devil (D)
  A guardian mummy (D)
  2 trolls (D)
  A red devil (D)
  A polar bear (D)
  4 merfolk (D)
  A ynoxinul (D)
  A vampire (D)
  6 yaks (D)
  A wraith (D)
  A steam dragon (D)
  3 redbacks (D)
  2 fire bats (D)
  4 vampire mosquitoes (D)
  A swamp drake (D)
  An ogre (D)
  3 wolves (D)
  A centaur (D)
  A phantom (D)
  Blork the orc (D)
  5 wights (D)
  2 quasits (D)
  An orc priest (D)
  3 iron imps (D)
  An orc wizard (D)
  A hell rat (D)
  An adder (D)
  2 river rats (D)
  An orc (D)
  A bat (D)
  2 bat zombies (D)
  A giant cockroach (D)
  2 goblins (D)
  4 jackals (D)
  2 quokkas (D)
  A ball python (D)
  2 ball python skeletons (D)
  A frilled lizard (D)
  A quokka skeleton (D)
  A rat (D)
  A fulminant prism (D)
88 creatures vanquished.

Vanquished Creatures (others)
  12 fulminant prisms (D)
12 creatures vanquished.

Grand Total: 100 creatures vanquished

Notes
Turn   | Place    | Note
-------+----------+-------------------------------------------
     0 | D        | rocky1 the Deep Elf Conjurer began the quest for the Orb.
     0 | D        | Reached XP level 1. HP: 10/10 MP: 6/6
    21 | D        | Reached skill level 6 in Conjurations
    21 | D        | Reached XP level 2. HP: 12/15 MP: 0/8
    31 | D        | Learned a level 2 spell: Searing Ray
    34 | D        | Found a bloodstained altar of Trog.
    34 | D        | Found a shimmering blue altar of Sif Muna.
    34 | D        | Found a viscous altar of Jiyva.
    34 | D        | Found a hazy altar of Hepliaklqana.
    34 | D        | Found an opulent altar of Gozag.
    35 | D        | Found a glowing golden altar of the Shining One.
    35 | D        | Found a glowing silver altar of Zin.
    35 | D        | Found a basalt altar of Yredelemnul.
    35 | D        | Found a shimmering altar of Xom.
    35 | D        | Found an ornate altar of the Wu Jian Council.
    35 | D        | Found a sacrificial altar of Ru.
    35 | D        | Found a stormy altar of Qazlal.
    35 | D        | Found an iron altar of Okawaru.
    35 | D        | Found a sparkling altar of Nemelex Xobeh.
    35 | D        | Found a burning altar of Makhleb.
    35 | D        | Found a blossoming altar of Fedhas.
    35 | D        | Found a white marble altar of Elyvilon.
    35 | D        | Found a shadowy altar of Dithmenos.
    35 | D        | Found a snail-covered altar of Cheibriados.
    37 | D        | Found a radiant altar of Vehumet.
    37 | D        | Found a corrupted altar of Lugonu.
    38 | D        | Found a hide-covered altar of Uskayaw.
    38 | D        | Found an ancient bone altar of Kikubaaqudgha.
    38 | D        | Found a broken altar of Ashenzari.
    47 | D        | Became a worshipper of Vehumet
   161 | D        | Reached * piety under Vehumet
   161 | D        | Offered knowledge of Shock by Vehumet.
   330 | D        | Noticed a wight
   330 | D        | Noticed a wight
   331 | D        | Noticed a wight
   333 | D        | Noticed a wight
   338 | D        | Offered knowledge of Scorch by Vehumet.
   338 | D        | Reached ** piety under Vehumet
   345 | D        | Killed a wight
   346 | D        | Reached skill level 8 in Conjurations
   346 | D        | Reached XP level 3. HP: 11/19 MP: 2/13
   346 | D        | Reached XP level 4. HP: 14/24 MP: 2/14
   349 | D        | Reached *** piety under Vehumet
   350 | D        | Reached skill level 9 in Conjurations
   350 | D        | Reached XP level 5. HP: 17/28 MP: 11/19
   353 | D        | Reached skill level 10 in Spellcasting
   353 | D        | Reached skill level 10 in Conjurations
   484 | D        | Learned a level 4 spell: Iskenderun's Mystic Blast
   501 | D        | Reached **** piety under Vehumet
   502 | D        | Reached skill level 11 in Conjurations
   502 | D        | Reached XP level 6. HP: 4/32 MP: 15/22
   831 | D        | Offered knowledge of Stone Arrow by Vehumet.
   838 | D        | Reached ***** piety under Vehumet
   894 | D        | Noticed a fire bat
   898 | D        | Killed a fire bat
   899 | D        | Reached skill level 12 in Conjurations
   910 | D        | Reached XP level 7. HP: 6/36 MP: 22/26
  1159 | D        | Noticed a kobold demonologist
  1166 | D        | Offered knowledge of Airstrike by Vehumet.
  1167 | D        | Noticed a neqoxec
  1169 | D        | Killed a kobold demonologist
  1169 | D        | Reached ****** piety under Vehumet
  1170 | D        | Reached skill level 13 in Conjurations
  1175 | D        | Reached skill level 14 in Conjurations
  1409 | D        | Got the +2 morningstar of Dissolution {speed, rElec rF+
                  | Int+4}
  1411 | D        | Got the +2 rapier "Kosagaen" {venom, Contam rElec rN+
                  | Int+6}
  1450 | D        | Learned a level 4 spell: Fulminant Prism
  1513 | D        | Noticed a smoke demon
  1520 | D        | Offered knowledge of Frozen Ramparts by Vehumet.
  1521 | D        | Reached skill level 5 in Fighting
  1523 | D        | Killed a smoke demon
  1524 | D        | Reached skill level 15 in Conjurations
  1524 | D        | Reached XP level 8. HP: 51/52 MP: 15/27
  1600 | D        | Noticed an ice devil
  1616 | D        | Killed an ice devil
  1617 | D        | Reached skill level 5 in Stealth
  1675 | D        | Noticed a guardian mummy
  1680 | D        | Noticed a deep troll
  1681 | D        | Killed a guardian mummy
  1681 | D        | Offered knowledge of Orb of Destruction by Vehumet.
  1682 | D        | Reached skill level 5 in Dodging
  1682 | D        | Reached XP level 9. HP: 57/57 MP: 13/28
  1689 | D        | Killed a deep troll
  1690 | D        | Reached skill level 16 in Conjurations
  1813 | D        | Learned a level 7 spell: Orb of Destruction
  1830 | D        | Noticed a wizard
  1830 | D        | Noticed a merfolk
  1833 | D        | Noticed a merfolk javelineer
  1834 | D        | Killed a wizard
  1835 | D        | Noticed a merfolk
  1836 | D        | Killed a merfolk
  1837 | D        | Noticed a merfolk
  1837 | D        | Noticed a merfolk
  1839 | D        | Killed a merfolk javelineer
  1916 | D        | Killed a merfolk
  1917 | D        | Reached skill level 10 in Stealth
  1917 | D        | Reached XP level 10. HP: 14/66 MP: 27/29
  2256 | D        | Reached skill level 17 in Conjurations
  2419 | D        | Noticed an eye of devastation
  2423 | D        | Killed an eye of devastation
  2423 | D        | Offered knowledge of Fireball by Vehumet.
  2424 | D        | Reached skill level 10 in Dodging
  2522 | D        | Noticed a cyclops
  2529 | D        | Killed a cyclops
  2664 | D        | Learned a level 5 spell: Fireball
  2722 | D        | Noticed Blork the orc
  2726 | D        | Reached skill level 1 in Fire Magic
  2726 | D        | Killed Blork the orc
  2733 | D        | Offered knowledge of Yara's Violent Unravelling by Vehumet.
  2807 | D        | Reached skill level 10 in Fighting
  2810 | D        | Noticed Maurice
  2916 | D        | Noticed an eight-headed hydra
  2918 | D        | Killed an eight-headed hydra
  2919 | D        | Reached skill level 15 in Spellcasting
  2966 | D        | Noticed a death yak
  2991 | D        | Killed a death yak
  2991 | D        | Offered knowledge of Lee's Rapid Deconstruction by Vehumet.
  2992 | D        | Reached skill level 18 in Conjurations
  2998 | D        | Learned a level 5 spell: Lee's Rapid Deconstruction
  3167 | D        | Reached skill level 5 in Fire Magic
  3167 | D        | Reached XP level 11. HP: 73/73 MP: 24/32
  3257 | D        | Noticed a yellow draconian
  3260 | D        | Offered knowledge of Freezing Cloud by Vehumet.
  3262 | D        | Noticed a bog body
  3264 | D        | Killed a bog body
  3284 | D        | Reached skill level 5 in Earth Magic
  3300 | D        | Killed a yellow draconian
  3410 | D        | Killed Maurice
  3556 | D        | Offered knowledge of Lightning Bolt by Vehumet.
  3599 | D        | Reached skill level 19 in Conjurations
  3762 | D        | Noticed Erolcha
  3766 | D        | Killed Erolcha
  3767 | D        | Noticed a great orb of eyes
  3776 | D        | Noticed a sea snake
  3778 | D        | Paralysed by a great orb of eyes for 5 turns
  3781 | D        | HP: 2/73 [great orb of eyes (14)]
  3783 | D        | Slain by a great orb of eyes

Illustrated notes

Levels and vault maps discovered:
D:        pitsprint [storerooms_1, entrance_room_1, metal_vault_5, armoury_3,
          mini_pit_1, grid_room_1, main_hall_1, silver_pit, the_coven_1,
          the_vestibule_1, steel_vault_5, golden_pit, hallway_of_sentries,
          crystal_vault_4, iron_vault_4, final_vault]

Skill      XL: |  1  2  3  4  5  6  7  8  9 10 11 |
---------------+----------------------------------+-----
Conjurations   | 6 8 9 11 12 15 16 18 19 | 19.2
Spellcasting   | 6 9 11 13 15 17 | 17.5
Fighting       | 6 7 9 10 | 10.4
Dodging        | 5 9 11 | 11.9
Stealth        | 6 10 | 10.1
Fire Magic     | 5 8 |  8.8
Earth Magic    | 7 |  7.1

Action                   |  1- 3 |  4- 6 |  7- 9 | 10-12 || total
-------------------------+-------+-------+-------+-------++-------
Melee: Quarterstaff      |       |     3 |       |       ||     3
       Morningstar       |       |       |       |    17 ||    17
 Cast: Magic Dart        |     6 |     7 |     1 |    12 ||    26
       Searing Ray       |     6 |     9 |    10 |     5 ||    30
       Fulminant Prism   |       |       |    10 |     3 ||    13
       Iskenderun's Myst |       |       |     7 |    19 ||    26
       Orb of Destructio |       |       |     6 |    28 ||    34
       Fireball          |       |       |       |     5 ||     5
       Lee's Rapid Decon |       |       |       |     9 ||     9
  Use: Potion            |     1 |     1 |     6 |     5 ||    13
Armor: Robe              |     2 |     1 |     9 |     6 ||    18
Dodge: Dodged            |     4 |     3 |    14 |    25 ||    46

Table legend: (Time is in decaauts)
 A = Elapsed time spent in this place.
 B = Non-inter-level travel time spent in this place.
 C = Inter-level travel time spent in this place.
 D = Time resting spent in this place.
 E = Time spent auto-exploring this place.
 F = Levels seen in this place.
 G = Mean time per level.
                   A        B        C        D        E       F      G
               +--------+--------+--------+--------+--------+-----+--------+
         Total |   3794 |   3773 |     21 |   2597 |      0 |   1 | 3794.0 |
       Dungeon |   3794 |   3773 |     21 |   2597 |      0 |   1 | 3794.0 |
               +--------+--------+--------+--------+--------+-----+--------+

Top non-repeatable levels by time:
       D: 3794 daAuts
